 Dungeon Crawl Stone Soup version 0.29-a0-333-gb4c28e87c6 (webtiles) character file.

Game seed: 13261170820206034157

924 Essalna the Magician (level 8, -17/52 HPs)
             Began as a Djinni Conjurer on Apr 13, 2022.
             Demolished by Edmund
             ... wielding a +2 flail of protection
              (19 damage)
             ... on level 5 of the Dungeon.
             The game lasted 00:11:33 (6078 turns).

Essalna the Magician (Djinni Conjurer)              Turns: 6078, Time: 00:11:33

Health: -17/52     AC:  4    Str:  6    XL:     8   Next: 32%
Gold:   330        EV: 12    Int: 22    God:
                   SH:  0    Dex: 12

rFire   + + .      SeeInvis .   (no weapon)
rCold   x . .      Faith    .   (no shield)
rNeg    . . .      Spirit   .   a - +0 robe
rPois   ∞          Reflect  .   (no helmet)
rElec   .          Harm     .   h - +0 cloak
rCorr   .          Rampage  .   d - +0 pair of gloves
Will    .....                   (boots unavailable)
Stlth   ++........              (no amulet)
HPRegen 0.17/turn               (no ring)
MPRegen 0.00/turn               (no ring)

@: flying, hasted, very quick
A: sickness immunity, fire resistance 2, cold vulnerability 1, float, innate
caster, HP casting, extra vitality 1
a: no special abilities


You were on level 5 of the Dungeon.
You visited 1 branch of the dungeon, and saw 5 of its levels.

You collected 330 gold pieces.

Inventory:

Armour
 a - a +0 robe (worn)
 d - a +0 pair of gloves (worn)
 h - a +0 cloak (worn)
Magical Staves
 i - a staff of earth
Scrolls
 b - 7 scrolls of identify {unknown}
 e - 4 scrolls of teleportation {unknown}
 f - a scroll of magic mapping {unknown}
 g - 3 scrolls of amnesia {unknown}
 n - 2 scrolls of enchant weapon {unknown}
 o - a scroll of acquirement {unknown}
 q - a scroll of brand weapon {unknown}
Potions
 c - a potion of degeneration {unknown}
 j - 2 potions of curing {unknown}
 k - a potion of berserk rage
 l - a potion of heal wounds {unknown}
 m - 2 potions of mutation {unknown}
 p - a potion of haste


   Skills:
 + Level 1.5 Fighting
 + Level 1.4 Armour
 + Level 2.9 Dodging
 - Level 1.5 Stealth
 + Level 7.2 Spellcasting


You had one spell level left.
You knew the following spells:

 Your Spells              Type           Power      Damage    Failure   Level
a - Magic Dart            Conj           100%       1d8       1%          1
b - Searing Ray           Conj           80%        2d7       1%          2
c - Dazzling Flash        Conj/Hex       80%        N/A       1%          3
d - Fulminant Prism       Conj/Hex       20%        3d13      4%          4
e - Iskenderun's Mystic   Conj/Tloc      40%        2d9       4%          4
f - Beastly Appendage     Tmut           80%        N/A       1%          1
g - Passwall              Tmut/Erth      33%        N/A       1%          2
h - Vampiric Draining     Necr           40%        2d8       1%          3
Your spell library was empty.

Dungeon Overview and Level Annotations

Branches:
Dungeon (5/15)
 Temple: D:4-7

Altars:

Shops:
D:4 (

Annotations:
D:5 Edmund


Innate Abilities, Weirdness & Mutations

You are immune to sickness and miasma.
You are immune to poison.
Your flesh is very heat resistant. (rF++)
You are vulnerable to cold. (rC-)
You float through the air rather than walking.
You learn spells naturally, not from books.
Your magical power is your life essence.
You have superior vitality. (+4 MHP)


Message History

Edmund is moderately wounded.
Edmund barely misses you.
Casting: Iskenderun's Mystic Blast (dangerous; 4% risk of failure)
Confirm with . or Enter, or press ? or * to list all spells.
You miscast Iskenderun's Mystic Blast.
You are very lightly contaminated with residual magic.
Nothing appears to happen.
Edmund closely misses you.
Edmund hits you with a +2 flail of protection!
Casting: Iskenderun's Mystic Blast (dangerous; 4% risk of failure)
Confirm with . or Enter, or press ? or * to list all spells.
You erupt in a blast of force!
The mystic blast hits Edmund.
Edmund is moderately wounded.
Edmund is knocked back by the mystic blast.
* * * LOW HITPOINT WARNING * * *
Casting: Iskenderun's Mystic Blast (dangerous; 4% risk of failure)
Confirm with . or Enter, or press ? or * to list all spells.
You erupt in a blast of force!
The mystic blast hits Edmund!
Edmund is moderately wounded.
Edmund is knocked back by the mystic blast.
* * * LOW HITPOINT WARNING * * *
Edmund rages.
Casting: Iskenderun's Mystic Blast (dangerous; 4% risk of failure)
Confirm with . or Enter, or press ? or * to list all spells.
You erupt in a blast of force!
The mystic blast hits Edmund!
Edmund is heavily wounded.
Edmund is knocked back by the mystic blast.
Edmund slams into the rock wall!
* * * LOW HITPOINT WARNING * * *
Edmund rages.
Your magical contamination has completely faded away.
Casting: Iskenderun's Mystic Blast (dangerous; 4% risk of failure)
Confirm with . or Enter, or press ? or * to list all spells.
You erupt in a blast of force!
The mystic blast hits Edmund.
Edmund is heavily wounded.
Edmund is knocked back by the mystic blast.
Edmund slams into the rock wall!
* * * LOW HITPOINT WARNING * * *
You feel yourself speed up.
Edmund hits you with a +2 flail of protection!!
You die...

#.#.# #.#.# #.#.#
#####.#.# ##.....#.#
#...####[# #.#.#
#.#####
#...####.....### #
#.###.@@.(.......#.#
#.#
#.######.###....#
#.# #.# #.).......
#.#
#.######.......<#
#.# #..............#
#.# #.####.........#
#.# #.###..........#
.# #.#
#.##...........# #.#
#.# #............###
#.#


You could see Edmund (berserk).

Vanquished Creatures
  A sky beast (D:5)
  2 black bears
  2 bullfrogs (D:4)
  A scorpion (D:5)
  A necrophage (D:5)
  3 hounds
  2 orc priests (D:3)
  An iguana (D:2)
  4 orc wizards
  3 gnolls (D:4)
  3 adders
  10 orcs
  13 endoplasms
  6 giant cockroaches
  9 goblins
  11 hobgoblins
  5 quokkas
  6 ball pythons
  8 bats
  4 frilled lizards
  4 kobolds
  4 rats
103 creatures vanquished.

Notes
Turn   | Place    | Note
-------+----------+-------------------------------------------
     0 | D:1      | Essalna the Djinni Conjurer began the quest for the Orb.
     0 | D:1      | Reached XP level 1. HP: 15/15 MP: 0/0
   285 | D:1      | Reached XP level 2. HP: 19/21 MP: 0/0
   817 | D:1      | Reached XP level 3. HP: 24/25 MP: 0/0
   817 | D:1      | Learned a level 1 spell: Beastly Appendage
  1065 | D:1      | Reached skill level 4 in Spellcasting
  1530 | D:2      | Reached XP level 4. HP: 5/31 MP: 0/0
  2708 | D:3      | Reached XP level 5. HP: 20/35 MP: 0/0
  2708 | D:3      | Learned a level 2 spell: Passwall
  2711 | D:3      | Reached skill level 5 in Spellcasting
  3316 | D:3      | Noticed a black bear
  3466 | D:3      | Reached XP level 6. HP: 16/40 MP: 0/0
  3733 | D:3      | Killed a black bear
  4237 | D:4      | Noticed a black bear
  4242 | D:4      | Killed a black bear
  4243 | D:4      | Reached skill level 6 in Spellcasting
  4243 | D:4      | Reached XP level 7. HP: 39/45 MP: 0/0
  4243 | D:4      | Learned a level 3 spell: Vampiric Draining
  4954 | D:4      | Reached skill level 7 in Spellcasting
  5327 | D:4      | Found Dexzeor's Antique Weapon Emporium.
  5512 | D:4      | Reached XP level 8. HP: 49/50 MP: 0/0
  5680 | D:5      | Entered Level 5 of the Dungeon
  5787 | D:5      | Reached skill level 1 in Fighting
  5787 | D:5      | Reached skill level 1 in Armour
  6048 | D:5      | Noticed Edmund
  6078 | D:5      | Demolished by Edmund

Illustrated notes

Levels and vault maps discovered:
D:1:      onia_arrival_pentagram, layout_basic
D:2:      layout_basic
D:3:      layout_rooms, lemuel_old_faithful
D:4:      dreamdust_elfheim, layout_loops_ring, serial_shops,
          nicolae_lakefront_shop, dreamdust_wishing_well
D:5:      layout_loops_ring, fedhas_altar_fruit_tree, lemuel_flamethrower_2,
          uniq_edmund, uniq_blork_the_orc

Skill      XL: |  1  2  3  4  5  6  7  8 |
---------------+-------------------------+-----
Spellcasting   | 4 5 6 7 |  7.2
Fighting       | 1 |  1.5
Armour         | 1 |  1.4
Dodging        | |  2.9
Stealth        | |  1.5

Action                   |  1- 3 |  4- 6 |  7- 9 || total
-------------------------+-------+-------+-------++-------
 Cast: Magic Dart        |    70 |    71 |    71 ||   212
       Searing Ray       |     1 |     7 |     8 ||    16
       Vampiric Draining |       |       |     2 ||     2
       Iskenderun's Myst |       |       |    11 ||    11
       Dazzling Flash    |       |       |     1 ||     1
  Use: Potion            |       |     1 |     1 ||     2
Armor: Robe              |     1 |     4 |     9 ||    14
Dodge: Dodged            |    14 |    17 |    21 ||    52

Table legend: (Time is in decaauts)
 A = Elapsed time spent in this place.
 B = Non-inter-level travel time spent in this place.
 C = Inter-level travel time spent in this place.
 D = Time resting spent in this place.
 E = Time spent auto-exploring this place.
 F = Levels seen in this place.
 G = Mean time per level.
                   A        B        C        D        E       F      G
               +--------+--------+--------+--------+--------+-----+--------+
         Total |   6062 |   5870 |    192 |    171 |   5137 |   5 | 1212.4 |
       Dungeon |   6062 |   5870 |    192 |    171 |   5137 |   5 | 1212.4 |
               +--------+--------+--------+--------+--------+-----+--------+

Top non-repeatable levels by time:
     D:2: 1627 daAuts
     D:4: 1445 daAuts
     D:3: 1323 daAuts
     D:1: 1267 daAuts
     D:5: 397 daAuts
